Map: Heavy Artillery LE

Players

qqq - Winner!

  • Race: Terran Terran
  • Spawn Location: 7:00

Massa - Winner!

  • Race: Terran Terran
  • League: Platinum
  • Spawn Location: 7:00

TestoBoy

  • Race: Protoss Protoss
  • Spawn Location: 3:00

SEAR

  • Race: Terran Terran
  • League: Platinum
  • Spawn Location: 1:00

VOD

Have the link to the VOD?

Description

Time

  • Played on: Nov. 7, 2020, 5:27 p.m.
  • Length: 11:03
Show
View Real Time Build Order
Export as new Build Order

qqq Terran - Winner!

Build Orders:  

Get SALT Encoding   

  12  0:01  SCV  
  13  0:13  SCV  
  14  0:25  SCV  
  15  0:33  Supply Depot  
  15  0:46  Refinery  
  15  0:57  Barracks  
  15  1:11  SCV  
  16  1:23  SCV, Supply Depot  
  17  1:34  Command Center  
  17  1:35  SCV  
  18  1:48  SCV  
  19  2:00  SCV  
  20  2:07  Factory  
  20  2:12  SCV  
  21  2:24  SCV  
  21  2:29  Refinery  
  22  2:36  SCV  
  23  2:38  Reaper  
  24  2:46  SCV  
  24  2:48  SCV  
  26  2:58  SCV  
  26  3:02  Factory Tech Lab  
  27  3:07  SCV  
  27  3:10  SCV  
  29  3:16  Starport  
  29  3:19  SCV  
  30  3:22  SCV  
  31  3:29  Refinery  
  31  3:31  SCV  
  31  3:32  Refinery, Siege Tank  
  35  3:34  SCV  
  36  3:43  SCV  
  36  3:47  SCV  
  38  3:55  SCV  
  39  3:59  SCV  
  40  4:03  Starport Tech Lab, Fusion Core  
  40  4:11  SCV  
  41  4:19  Siege Tank  
  41  4:21  SCV  
  45  4:27  Supply Depot  
  45  4:44  Orbital Command  
  46  4:48  Orbital Command  
  46  4:51  Battlecruiser  
  51  4:53  Supply Depot  
  51  5:04  Armory  
  51  5:17  Supply Depot  
  51  5:22  Command Center  
  51  5:33  SCV  
  51  5:34  Starport  
  52  5:41  Supply Depot  
  52  5:45  SCV  
  52  5:46  Siege Tank  
  56  5:53  SCV  
  57  5:57  SCV  
  58  6:04  Supply Depot  
  58  6:05  SCV, Supply Depot  
  58  6:09  SCV  
  60  6:17  SCV  
  61  6:21  SCV  
  61  6:23  Starport Tech Lab  
  68  6:25  Battlecruiser  
  68  6:28  Supply Depot  
  68  6:29  SCV  
  69  6:33  SCV  
  69  6:42  SCV  
  70  6:47  Weapon Refit  
  70  6:48  Battlecruiser  
  70  6:49  Engineering Bay  
  70  6:51  Supply Depot  
  76  7:02  SCV  
  76  7:03  SCV  
  76  7:05  SCV  
  79  7:13  Supply Depot  
  79  7:14  SCV  
  79  7:28  Planetary Fortress  
  82  7:30  Battlecruiser  
  82  7:33  Missile Turret  
  82  7:53  Battlecruiser  
  88  8:04  Terran Vehicle Weapons Level 1  
  88  8:31  SCV x3  
  97  8:34  Battlecruiser  
  95  9:17  Battlecruiser  
  95  9:26  Siege Tank  
  98  9:38  SCV x3  
  101  10:13  Supply Depot  
  101  10:14  Supply Depot  
  101  10:16  Command Center  
  101  10:21  Refinery  
  101  10:22  Refinery  
  101  10:35  SCV x3  
  107  10:37  Supply Depot  
  101  10:47  SCV  
  102  11:00  Supply Depot  
Show
View Real Time Build Order
Export as new Build Order

Massa Terran - Winner!

Build Orders: Reaper Expand 

Get SALT Encoding   

  12  0:00  SCV  
  13  0:12  SCV  
  14  0:24  SCV  
  14  0:25  Supply Depot  
  15  0:47  SCV  
  15  0:48  Barracks  
  16  0:54  Refinery  
  16  0:59  SCV  
  17  1:29  SCV  
  19  1:47  Orbital Command  
  18  2:00  Reaper  
  19  2:05  Command Center  
  19  2:09  Barracks  
  19  2:21  SCV  
  20  2:26  Barracks  
  20  2:32  Marine  
  20  2:33  SCV  
  21  2:45  SCV  
  21  2:50  Marine  
  22  3:08  Reaper  
  22  3:14  Barracks Tech Lab  
  22  3:19  Barracks Reactor  
  21  3:32  Engineering Bay  
  21  3:34  Command Center  
  21  3:42  SCV  
  21  3:45  Factory  
  22  3:54  Orbital Command, SCV  
  23  3:57  Barracks Reactor  
  23  3:59  Marine x2  
  25  4:06  Refinery, SCV  
  26  4:18  SCV  
  26  4:22  SCV  
  28  4:30  SCV, Missile Turret  
  29  4:34  SCV  
  29  4:36  Missile Turret  
  30  4:38  Marine  
  30  4:39  Marine  
  30  4:42  SCV, Stimpack  
  33  4:46  SCV  
  33  4:50  Factory Tech Lab  
  33  4:52  Marine x2  
  33  4:54  SCV, Marauder  
  38  5:00  Orbital Command  
  38  5:03  Refinery  
  38  5:08  Refinery  
  38  5:11  Terran Infantry Weapons Level 1  
  38  5:15  Marauder  
  38  5:19  SCV x2  
  42  5:31  SCV x2, Marine x3  
  42  5:32  Marine  
  48  5:36  Marauder  
  48  5:37  SCV  
  51  5:43  SCV x2  
  53  5:56  Supply Depot  
  53  5:58  Supply Depot  
  53  6:00  Supply Depot  
  53  6:04  Starport  
  53  6:17  Marauder, Marine x3, Siege Tank  
  61  6:20  Marine  
  61  6:22  Combat Shield  
  62  6:28  Barracks  
  62  6:35  Marine x2  
  62  6:39  Marauder  
  66  6:44  Starport Reactor  
  66  6:49  Armory  
  66  6:56  SCV  
  66  6:57  SCV  
  66  6:59  Orbital Command  
  66  7:00  Marauder  
  70  7:05  Terran Infantry Armor Level 1  
  70  7:09  SCV x2  
  70  7:13  Marine x2  
  70  7:14  Marine x2  
  76  7:21  SCV  
  77  7:24  Supply Depot  
  77  7:25  Supply Depot  
  77  7:45  Marine x3, Medivac  
  77  7:46  Marauder  
  77  7:47  Siege Tank  
  77  7:49  Supply Depot  
  84  8:07  Marauder, Marine  
  84  8:08  Marine x4  
  78  8:19  Siege Tank  
  81  8:24  Medivac x2  
  81  8:25  Marine  
  81  8:26  Marine x4  
  90  8:28  Marauder  
  89  8:43  Marine  
  88  8:50  Marauder  
  88  8:51  Siege Tank  
  88  8:54  Medivac x2  
  97  8:56  Marine x2  
  97  8:57  Marine  
  97  9:01  Marine  
  101  9:21  Marauder  
  94  9:24  Medivac x2  
  96  9:36  Marine  
  96  9:37  Barracks Tech Lab, Marine  
  96  9:38  Marine x2  
  98  9:45  SCV  
  101  9:48  Missile Turret  
  101  9:49  SCV x2  
  101  9:50  Missile Turret  
  101  9:52  Marauder  
  100  9:53  Missile Turret  
  100  9:54  Marine, Missile Turret  
  100  9:56  Marine  
  100  9:58  SCV  
  101  10:23  Marine, Supply Depot  
  101  10:24  Supply Depot  
  101  10:25  Supply Depot  
  101  10:27  Supply Depot  
  101  10:28  Marine  
  101  10:31  Marine x2  
  101  10:32  Viking  
  101  10:34  Marauder x2  
  97  10:47  Supply Depot  
Show
View Real Time Build Order
Export as new Build Order

TestoBoy Protoss 

Build Orders:  

Get SALT Encoding   

  12  0:02  Probe  
  13  0:14  Probe  
  14  0:23  Pylon  
  14  0:27  Probe  
  15  0:41  Probe (Chrono Boost)  
  16  0:47  Gateway  
  16  0:53  Probe (Chrono Boost)  
  16  0:54  Assimilator  
  17  1:01  Probe (Chrono Boost)  
  18  1:07  Probe  
  19  1:19  Probe (Chrono Boost)  
  20  1:31  Probe (Chrono Boost)  
  21  1:35  Cybernetics Core  
  22  1:40  Probe (Chrono Boost)  
  22  1:46  Probe  
  23  1:56  Nexus  
  23  2:00  Pylon  
  23  2:08  Warp Gate (Chrono Boost)  
  23  2:09  Assimilator  
  23  2:15  Pylon  
  23  2:18  Probe  
  24  2:27  Robotics Facility  
  24  2:30  Probe  
  25  2:42  Probe  
  25  2:43  Stalker  
  28  2:47  Gateway  
  28  2:54  Probe  
  29  3:06  Probe  
  29  3:07  Pylon  
  29  3:09  Probe  
  31  3:18  Probe  
  32  3:21  Immortal  
  36  3:32  Probe (Chrono Boost)  
  37  3:36  Twilight Council  
  37  3:37  Probe (Chrono Boost)  
  38  3:47  Probe x2 (Chrono Boost)  
  38  3:48  Gateway  
  40  3:51  Pylon  
  40  3:58  Gateway  
  40  4:06  Immortal (Chrono Boost)  
  44  4:12  Stalker  
  44  4:15  Stalker  
  48  4:20  Probe x2 (Chrono Boost)  
  50  4:24  Blink (Chrono Boost)  
  50  4:32  Probe (Chrono Boost)  
  50  4:38  Probe (Chrono Boost)  
  52  4:40  Probe (Chrono Boost)  
  52  4:44  Probe (Chrono Boost)  
  54  4:45  Observer (Chrono Boost)  
  54  4:46  Probe  
  54  4:51  Stalker  
  58  4:53  Assimilator  
  58  4:55  Assimilator, Stalker  
  58  4:57  Pylon  
  60  5:04  Probe x2  
  62  5:16  Probe x2  
  64  5:25  Nexus  
  64  5:27  Pylon  
  64  5:30  Stalker x2  
  64  5:31  Stalker  
  70  5:42  Stalker  
  72  5:47  Forge  
  72  5:50  Pylon  
  72  5:53  Pylon  
  72  5:54  Stalker x2  
  76  6:00  Immortal (Chrono Boost)  
  80  6:12  Charge (Chrono Boost)  
  80  6:21  Gateway  
  80  6:22  Gateway  
  80  6:34  Probe x2, Gateway  
  82  6:43  Gateway  
  82  6:44  Immortal  
  82  6:46  Probe  
  82  6:47  Probe  
  88  6:48  Protoss Ground Weapons Level 1 (Chrono Boost)  
  88  6:58  Probe  
  88  7:00  Robotics Bay  
  89  7:03  Probe x2  
  89  7:07  Stalker  
  93  7:09  Stalker  
  93  7:11  Probe  
  93  7:15  Probe x2  
  98  7:20  Stalker x2  
  102  7:36  Stalker x3  
  102  7:37  Stalker x2  
  112  7:56  Immortal  
  112  7:57  Extended Thermal Lance (Chrono Boost)  
  114  8:04  Stalker x2  
  102  8:07  Probe x3  
  73  8:28  Stalker x5  
  73  8:29  Stalker  
  85  8:36  Immortal  
  81  8:42  Zealot  
  81  8:43  Zealot  
  75  9:15  Stalker x3  
  75  9:16  Stalker x5  
  87  9:21  Colossus (Chrono Boost)  
  85  9:32  Assimilator  
  85  9:34  Assimilator  
  85  9:36  Pylon  
  85  9:43  Probe x3  
  88  9:46  Nexus  
  88  9:49  Pylon  
  88  9:51  Assimilator  
  88  9:52  Assimilator, Forge  
  88  9:55  Probe x2, Gravitic Boosters  
  70  10:08  Robotics Facility  
  70  10:09  Stalker  
  70  10:10  Immortal (Chrono Boost)  
  70  10:11  Zealot x2  
  70  10:13  Zealot  
  81  10:27  Stalker  
  81  10:28  Stalker x3  
  74  10:41  Stalker x3  
Show
View Real Time Build Order
Export as new Build Order

SEAR Terran 

Build Orders:  

Get SALT Encoding   

  12  0:00  SCV  
  13  0:12  SCV  
  14  0:18  Supply Depot  
  14  0:24  SCV  
  15  0:31  Refinery  
  15  0:39  SCV  
  16  0:46  Barracks  
  16  0:51  SCV  
  17  1:03  SCV  
  18  1:15  SCV  
  19  1:28  SCV  
  20  1:34  Supply Depot  
  20  1:37  Reaper  
  21  1:40  SCV  
  22  1:50  Command Center  
  22  2:01  Orbital Command  
  22  2:09  Factory  
  22  2:21  Marine  
  23  2:28  Barracks  
  23  2:47  Marine  
  24  3:02  Factory Tech Lab  
  24  3:05  Marine  
  25  3:17  SCV x2  
  27  3:22  Marine  
  27  3:23  Barracks Tech Lab  
  27  3:24  Siege Tank  
  30  3:29  SCV  
  30  3:32  Refinery  
  31  3:40  Marine  
  32  3:43  Marine  
  32  3:45  Stimpack  
  32  3:48  Orbital Command  
  33  3:49  SCV  
  34  3:55  Engineering Bay  
  34  3:58  Marine  
  34  4:01  SCV, Marine  
  37  4:13  SCV  
  37  4:16  Marine  
  39  4:19  SCV  
  40  4:25  SCV  
  40  4:26  Missile Turret  
  41  4:32  SCV  
  41  4:34  Starport, Marine  
  41  4:37  SCV  
  44  4:40  Marine  
  44  4:44  SCV  
  46  4:50  SCV, Siege Tank  
  46  4:51  Marine  
  51  4:56  SCV  
  51  4:58  Marine, Supply Depot  
  53  5:04  SCV, Supply Depot  
  54  5:20  SCV x2, Marine, Viking  
  59  5:32  SCV  
  59  5:33  Siege Tank  
  63  5:37  Marine  
  63  5:39  SCV  
  65  5:43  Command Center  
  65  5:44  SCV, Terran Infantry Weapons Level 1  
  65  5:45  Supply Depot x2  
  66  5:52  Refinery x2  
  66  5:54  Combat Shield  
  66  5:55  Marine  
  67  6:13  Starport Reactor, Marine  
  68  6:22  Starport  
  68  6:23  SCV x2  
  70  6:31  Marine  
  71  6:33  Missile Turret  
  71  6:35  SCV  
  71  6:36  SCV  
  73  6:47  SCV  
  73  6:48  SCV  
  73  6:49  Marine  
  73  6:51  Viking  
  73  6:52  Viking  
  80  7:00  SCV x2  
  80  7:01  Starport Reactor, Supply Depot  
  82  7:02  Supply Depot  
  82  7:03  Supply Depot  
  82  7:07  Starport  
  82  7:08  Refinery, Orbital Command  
  82  7:12  SCV x2  
  82  7:21  Viking  
  80  7:24  SCV x2, Marine  
  83  7:33  Missile Turret x2  
  83  7:35  Viking  
  83  7:36  SCV x2  
  87  7:41  Missile Turret  
  87  7:42  Viking x2  
  91  7:46  Missile Turret  
  91  7:48  SCV x2  
  91  7:49  SCV  
  91  7:50  Missile Turret x2  
  94  7:51  Viking  
  96  8:00  SCV x2  
  96  8:03  Siege Tank  
  96  8:04  Missile Turret  
  69  8:05  Viking  
  101  8:10  Missile Turret  
  103  8:12  Missile Turret  
  97  8:21  Marine  
  98  8:35  Viking x3  
  98  8:36  Viking x2  
  98  8:39  Marine  
  98  8:57  Marine  
  91  9:05  Viking x3  
  91  9:06  Viking x2  
  99  9:15  Marine  
  87  9:25  Marine  
  86  9:33  Marine  
  86  9:35  Barracks x2  
  86  9:37  Barracks, Supply Depot  
  86  9:38  Barracks, Viking x5  
  93  9:41  Supply Depot  
  93  9:43  Marine  
  93  9:44  Refinery  
  98  9:47  SCV, Supply Depot  
  98  9:48  SCV x2  
  98  9:50  Marine  
  102  9:55  Siege Tank  
  102  9:59  SCV  
  106  10:00  SCV x2, Marine  
  106  10:02  Supply Depot  
  106  10:06  Supply Depot  
  109  10:08  Marine  
  109  10:10  Factory  
  109  10:11  SCV, Viking x2  
  109  10:12  SCV x2  
  117  10:18  Marine  
  118  10:24  SCV  
  118  10:26  Marine  
  118  10:28  Siege Tank  
  115  10:36  Marine  
  107  10:43  Marine  
  107  10:44  Marine x4  
Tags
 
Add a new tag
Caveats
  • Supply blocks, unpowered buildings, or Contaminate may cause inaccurate times.
  • Supply counts are checked every 10 seconds.